 Dungeon Crawl Stone Soup version 0.27-a0-1105-g946c659c87 (webtiles) character file.

Game seed: 17190663482005226645

93 Gaff the Magician (level 4, -7/33 HPs)
             Began as a Djinni Earth Elementalist on Apr 28, 2021.
             Was a Follower of Cheibriados.
             Mangled by an orc
             ... wielding a +0 war axe
              (8 damage)
             ... on level 3 of the Dungeon.
             The game lasted 00:06:29 (3823 turns).

Gaff the Magician (Djinni Earth Elementalist)       Turns: 3823, Time: 00:06:30

Health: -7/33      AC:  3    Str:  9    XL:     4   Next: 62%
Gold:   118        EV: 12    Int: 19    God:    Cheibriados [*.....] SH:  0 Dex: 16

rFire    + + .     SeeInvis .   m - +0 falchion
rCold    x . .     Faith    .   (no shield)
rNeg     . . .     Spirit   .   c - +0 robe
rPois    ∞         Reflect  .   o - +0 helmet
rElec    .         Harm     .   (no cloak)
rCorr    .         Rampage  .   (no gloves)
Will     .....                  (boots unavailable)
Stlth    ++........             (no amulet)
HPRegen  0.11/turn              (no ring)
MPRegen  0.00/turn              (no ring)

@: flying, very slow
A: fire resistance 2, cold vulnerability 1, float, innate caster, hp casting,
extra vitality 1
a: Renounce Religion, Bend Time


You were on level 3 of the Dungeon.
You worshipped Cheibriados.
Cheibriados was aware of your devotion.
You visited 1 branch of the dungeon, and saw 3 of its levels.

You collected 118 gold pieces.

Inventory:

Hand Weapons
 a - a +0 hunting sling
 e - a +0 club
 g - a +0 whip
 m - a +0 falchion (weapon)
Missiles
 b - 66 stones
Armour
 c - a +0 robe (worn)
 o - a +0 helmet (worn)
Scrolls
 f - 2 scrolls of identify {unknown}
 i - 2 scrolls of enchant armour {unknown}
 j - a scroll of fog {unknown}
 k - a scroll of blinking {unknown}
 l - a scroll of magic mapping {unknown}
Potions
 d - a potion of curing {unknown}
 h - a potion of brilliance {unknown}
 n - 2 potions of cancellation {unknown}
 p - a potion of degeneration {unknown}
 q - a potion of attraction {unknown}


   Skills:
 + Level 2.0 Fighting
 - Level 2.2 Dodging
 - Level 1.5 Stealth
 * Level 4.0 Spellcasting


You couldn't memorise any spells.
You knew the following spells:

 Your Spells              Type           Power      Damage    Failure   Level
a - Sandblast             Erth           38%        2d10      2%          1
b - Passwall              Tmut/Erth      15%        N/A       4%          2
c - Stone Arrow           Conj/Erth      38%        3d9       8%          3
d - Petrify               Tmut/Erth      19%        N/A       26%         4
e - Lee's Rapid Deconstr  Erth           9%         3d8*      58%         5
f - Beastly Appendage     Tmut           38%        N/A       2%          1
Your spell library was empty.

Dungeon Overview and Level Annotations

Branches:
Dungeon (3/15)

Altars:
Cheibriados
Ru


Innate Abilities, Weirdness & Mutations

You are immune to poison.
Your flesh is very heat resistant. (rF++)
You are vulnerable to cold. (rC-)
You float through the air rather than walking.
You learn spells naturally, not from books.
Your magical power is your life essence.
You have superior vitality. (+4 HP)


Message History

The orc is heavily wounded.
The orc hits you with a +0 war axe. x2
You barely miss the orc.
The orc is heavily wounded.
The orc hits you with a +0 war axe.
You hit the orc.
The orc is heavily wounded.
The orc barely misses you.
You hit the orc but do no damage.
The orc is heavily wounded.
The orc hits you with a +0 war axe.
You hit the orc but do no damage.
The orc is heavily wounded.
The orc hits you with a +0 war axe.
* * * LOW HITPOINT WARNING * * *
The orc hits you with a +0 war axe!
* * * LOW HITPOINT WARNING * * *
Aiming: Sandblast (safe; 2% risk of failure)
Press: ? - help, Q - select action, (/) - cycle Shift-Dir - straight line, f - orc
Aim: an orc, wielding a +0 war axe and wearing a +0 chain mail (heavily wounded, 85% to hit)
The blast of sand hits the orc but does no damage.
The orc is heavily wounded.
* * * LOW HITPOINT WARNING * * *
The orc misses you.
You riposte.
You closely miss the orc.
The orc is heavily wounded.
Aiming: Sandblast (safe; 2% risk of failure)
Press: ? - help, Q - select action, (/) - cycle Shift-Dir - straight line, f/p - orc
Aim: an orc, wielding a +0 war axe and wearing a +0 chain mail (heavily wounded, 85% to hit)
The blast of sand misses the orc.
* * * LOW HITPOINT WARNING * * *
The orc hits you with a +0 war axe.
* * * LOW HITPOINT WARNING * * *
You don't have enough health to cast this spell.
You hit the orc but do no damage.
The orc is heavily wounded.
The orc barely misses you.
You hit the orc.
The orc is almost dead.
The orc hits you with a +0 war axe!
You die...

####.#
#....#
#.####
#.#
#.#######
#.......#
#######.#
#...#
#@### #o#
#.# #..
##. .. ..
...


You could see an orc.

Vanquished Creatures
  A gnoll (D:1)
  An adder (D:2)
  A worm (D:2)
  4 dart slugs
  An orc (D:3)
  4 endoplasms
  A giant cockroach (D:1)
  2 goblins
  6 hobgoblins
  7 jackals
  4 quokkas
  7 ball pythons
  5 bats
  3 frilled lizards
  7 kobolds
  7 rats
61 creatures vanquished.

Vanquished Creatures (others)
  20 plants
20 creatures vanquished.

Grand Total: 81 creatures vanquished

Notes
Turn   | Place    | Note
-------+----------+-------------------------------------------
     0 | D:1      | Gaff the Djinni Earth Elementalist began the quest for the
                  | Orb.
     0 | D:1      | Reached XP level 1. HP: 15/15 MP: 0/0
   127 | D:1      | Reached skill level 3 in Spellcasting
   127 | D:1      | Reached XP level 2. HP: 12/22 MP: 0/0
   263 | D:1      | Reached skill level 1 in Fighting
   688 | D:1      | Reached XP level 3. HP: 20/27 MP: 0/0
   688 | D:1      | Learned a level 1 spell: Beastly Appendage
  2316 | D:2      | Reached XP level 4. HP: 25/33 MP: 0/0
  3150 | D:2      | Found a faded altar of an unknown god.
  3153 | D:2      | Became a worshipper of Cheibriados the Contemplative
  3153 | D:2      | Reached * piety under Cheibriados
  3345 | D:2      | Found a sacrificial altar of Ru.
  3467 | D:3      | Reached skill level 4 in Spellcasting
  3821 | D:3      | HP: 1/33 [orc/+0 war axe (4)]
  3823 | D:3      | Mangled by an orc

Illustrated notes

Levels and vault maps discovered:
D:1:      minmay_arrival_open_corners, layout_rooms, minmay_misc_feat_enclosed,
          minmay_misc_feat_encased, minivault_27, minmay_small_reverse_x
D:2:      layout_loops_ring, hellmonk_ecumenical_altar_inner_sanctum,
          basic_altar, serial_bayou, serial_bayou_crossing, serial_bayou_pond_c,
          serial_bayou_shore_b, serial_bayou_pond_b, serial_bayou_shore_b,
          minmay_tetromino_l2
D:3:      layout_basic, serial_bayou_ford_a, serial_bayou_pond_a

Skill      XL: |  1  2  3  4 |
---------------+-------------+-----
Spellcasting   | 3 4 |  4.0
Fighting       | 1 2 |  2.0
Dodging        | |  2.2
Stealth        | |  1.5

Action                   |  1- 3 |  4- 6 || total
-------------------------+-------+-------++-------
Melee: Unarmed           |     4 |       ||     4
       Club              |    28 |       ||    28
       Falchion          |    35 |    70 ||   105
       Headbutt          |     2 |       ||     2
 Cast: Sandblast         |    36 |     9 ||    45
       Beastly Appendage |     1 |       ||     1
 Stab: Sleeping          |     4 |       ||     4
Armor: Robe              |    20 |    27 ||    47
Dodge: Dodged            |    69 |    55 ||   124
       Rpst.: Falchion   |    10 |    20 ||    30

Table legend: (Time is in decaauts)
 A = Elapsed time spent in this place.
 B = Non-inter-level travel time spent in this place.
 C = Inter-level travel time spent in this place.
 D = Time resting spent in this place.
 E = Time spent auto-exploring this place.
 F = Levels seen in this place.
 G = Mean time per level.
                   A        B        C        D        E       F      G
               +--------+--------+--------+--------+--------+-----+--------+
         Total |   4020 |   3969 |     51 |   1939 |   1308 |   3 | 1340.0 |
       Dungeon |   4020 |   3969 |     51 |   1939 |   1308 |   3 | 1340.0 |
               +--------+--------+--------+--------+--------+-----+--------+

Top non-repeatable levels by time:
     D:1: 1828 daAuts
     D:2: 1718 daAuts
     D:3: 474 daAuts
